 Dungeon Crawl Stone Soup version 0.17-a0-1942-g46ae386 (webtiles) character file.

1551 George the Carver (level 8, 0/70 HPs)
             Began as a Minotaur Fighter on Sept 30, 2015.
             Was a Believer of Okawaru.
             Killed from afar by an orc (12 damage)
             ... with a wand of draining
             ... on level 6 of the Dungeon.
             The game lasted 00:11:16 (4888 turns).

George the Carver (Minotaur Fighter)                Turns: 4888, Time: 00:11:16

Health: 0/70       AC: 11    Str: 21    XL:     8   Next: 57%
Magic:  9/9        EV:  5    Int:  5    God:    Okawaru [**....]
Gold:   270        SH:  9    Dex: 12    Spells: 0 memorised, 7 levels left

rFire  . . .     SeeInvis .     a - +0 long sword
rCold  . . .     Clarity  .     q - +0 chain mail
rNeg   + . .     SustAt   .     c - +0 shield
rPois  .         Gourm    .     (helmet restricted)
rElec  .         Spirit   .     r - +0 cloak
rCorr  .         Warding  +     (no gloves)
rMut   .         Stasis   .     (no boots)
MR     .....                    x - amulet of warding
Stlth  ..........               (no ring)
                                (no ring)

@: heavily drained, not resistant to hostile enchantments, extremely unstealthy
A: retaliatory headbutt, horns 2, shaggy fur 1
a: Heroism, Renounce Religion


You were on level 6 of the Dungeon.
You worshipped Okawaru.
Okawaru was pleased with you.
You were not hungry.

You visited 2 branches of the dungeon, and saw 7 of its levels.

You collected 270 gold pieces.

Inventory:

Hand weapons
 a - a +0 long sword (weapon)
 E - a +2 short sword of speed
Armour
 c - a +0 shield (worn)
 q - a +0 chain mail (worn)
 r - a +0 cloak (worn)
Jewellery
 u - an uncursed amulet of resist mutation
 x - an amulet of warding (around neck)
Magical devices
 A - a wand of teleportation (9)
Scrolls
 y - a scroll of teleportation
 B - a scroll of remove curse
Potions
 d - a potion of might
 g - a potion of cure mutation
 h - 3 potions of heal wounds
 i - a potion of brilliance
 k - a potion of cancellation
 n - a potion of flight
 D - a potion of resistance
Comestibles
 e - 3 bread rations
 p - 2 meat rations
 t - 2 beef jerkies
 v - 11 fruits
 w - a slice of pizza
 F - 3 chunks of flesh


   Skills:
 + Level 5.9(4.6) Fighting
 + Level 10.1(8.6) Long Blades
 + Level 5.9(4.6) Armour
 - Level 3.6(2.4) Shields
 + Level 3.9(2.7) Invocations


You had 7 spell levels left.
You didn't know any spells.

Dungeon Overview and Level Annotations

Branches:
Dungeon (6/15)             Temple (1/1) D:5

Altars:
Ashenzari
Cheibriados
Dithmenos
Elyvilon
Fedhas
Gozag
Kikubaaqudgha
Makhleb
Nemelex Xobeh
Okawaru
Qazlal
Ru
Sif Muna
Trog
Vehumet
Xom
Yredelemnul
Zin
The Shining One

Shops:
D:5 *


Innate Abilities, Weirdness & Mutations

You reflexively headbutt those who attack you in melee.
You have a pair of horns on your head.
You are covered in fur (AC +1).


Message History

The wight completely resists.
The bolt of negative energy hits you! You partially resist.
You feel drained.
* * * LOW HITPOINT WARNING * * *
You hit the wight. Your headbutt misses the wight.
The wight is lightly damaged.
You block the wight's attack.
The orc zaps a wand.
The bolt of negative energy hits the wight.
The wight completely resists.
The bolt of negative energy hits you! You partially resist.
You feel drained.
* * * LOW HITPOINT WARNING * * *
You hit the wight. You headbutt the wight!
The wight is almost destroyed.
The wight hits you but does no damage.
You hit the wight.
You destroy the wight!
Okawaru accepts your kill.
The orc throws a tomahawk.
You block the tomahawk.
The orc is no longer unusually agile.
The orc zaps a wand.
The bolt of negative energy hits you! You partially resist.
You feel drained.
You die...

****,**,#.,*#.# *...# #.
****,*#.#..##.# *...# #####.
,,,,,*........#####...######.....
,,,*,*,.#.##..................##.
,,,,,oo........................#.
,,,*,*..!..#.....................
,,,*,*#.##,##.##o........##......
**,,,*#,,,,...##)#######.##......
**,,,****#.#####@##...##.##......
,,,,,,,**#,* #.#.....#..#.#....
,,,,,,,,,,,* ##.......#....#.##.
,,,,,,,***** #..#.....#.##.#....
,,,,,*,* ####..##...##.........
,,,,,*,* ##.....#######..######.
,,****,* *#..............## ##
,,,,,,,**#..........##..## #
******,,,............#.###### #


You could see an orc.

Vanquished Creatures
  Menkaure (D:5)
  Duvessa (D:5)
  A sky beast (D:6)
  2 ogres (D:5)
  3 giant frogs
  A gnoll sergeant (D:5)
  Dowan (D:5)
  A scorpion (D:6)
  4 wights
  A hound (D:4)
  A crimson imp (D:5)
  A giant frog skeleton (D:4)
  An iguana (D:5)
  Ijyb (D:2)
  A centaur skeleton (D:5)
  3 orc wizards (D:4)
  2 orc priests (D:4)
  A hound skeleton (D:4)
  4 gnolls (D:5)
  6 adders
  2 shadow imps (D:5)
  4 worms
  11 orcs
  4 bats
  8 giant cockroaches
  7 goblins
  9 hobgoblins
  7 jackals
  7 kobolds
  A ball python (D:1)
  A ball python skeleton (D:5)
  7 giant geckos
  5 giant newts
  4 quokkas
  9 rats
123 creatures vanquished.

Vanquished Creatures (others)
  A goblin (D:1)
1 creature vanquished.

Grand Total: 124 creatures vanquished

Notes
Turn   | Place    | Note
--------------------------------------------------------------
     0 | D:1      | George the Minotaur Fighter began the quest for the Orb.
     0 | D:1      | Reached XP level 1. HP: 19/19 MP: 0/0
   391 | D:1      | Reached XP level 2. HP: 21/26 MP: 1/1
   632 | D:1      | Reached skill level 4 in Long Blades
   960 | D:2      | Reached XP level 3. HP: 31/31 MP: 2/2
  1387 | D:2      | Noticed Ijyb
  1411 | D:2      | Killed Ijyb
  1411 | D:2      | Reached skill level 5 in Long Blades
  1468 | D:2      | Reached XP level 4. HP: 39/39 MP: 3/3
  2017 | D:3      | Noticed a giant frog
  2029 | D:3      | Killed a giant frog
  2029 | D:3      | Reached skill level 6 in Long Blades
  2029 | D:3      | Reached XP level 5. HP: 26/45 MP: 4/4
  2452 | D:3      | Reached skill level 7 in Long Blades
  2834 | D:4      | Reached XP level 6. HP: 43/51 MP: 5/5
  2838 | D:4      | Reached skill level 8 in Long Blades
  3422 | D:5      | Entered Level 5 of the Dungeon
  3451 | D:5      | Found a burning altar of Makhleb.
  3474 | D:5      | Reached skill level 9 in Long Blades
  3531 | D:5      | Found a bloodstained altar of Trog.
  3538 | D:5      | Found a staircase to the Ecumenical Temple.
  3547 | Temple   | Entered the Ecumenical Temple
  3639 | Temple   | Became a worshipper of Warmaster Okawaru
  3782 | D:5      | Noticed Menkaure
  3792 | D:5      | Killed Menkaure
  3792 | D:5      | Reached skill level 1 in Invocations
  3792 | D:5      | Reached XP level 7. HP: 27/58 MP: 6/6
  4020 | D:5      | Noticed Dowan
  4021 | D:5      | Noticed Duvessa
  4029 | D:5      | Killed Duvessa
  4038 | D:5      | Killed Dowan
  4214 | D:5      | Acquired Okawaru's first power
  4270 | D:5      | Found Tool's General Store.
  4281 | D:5      | Reached skill level 5 in Fighting
  4281 | D:5      | Reached skill level 5 in Armour
  4281 | D:5      | Reached XP level 8. HP: 45/68 MP: 7/9
  4669 | D:6      | Gained mutation: You are covered in fur (AC +1). [mutagenic meat]
  4780 | D:6      | Reached skill level 10 in Long Blades
  4888 | D:6      | Killed from afar by an orc

Vault maps used:
D:1:      dpeg_arrival_another_circle, eino_curves_02, st_stairs_7,
          nrook_mini_vaults, lemuel_flame_loot_1
D:2:      first_bread, minmay_tree_intersection, uniq_iyjb
D:5:      old_standard_altar, minmay_temple_entry_statues_pillars, serial_shops,
          shop_statue, serial_park_tiny_2, trog_three_pillars_becter,
          uniq_menkaure, uniq_duvessa
D:6:      minmay_misc_feat_enclosed, minivault_4, uniq_grinder
Temple:   kilobyte_greek_temple_18

Action                   |  1- 3 |  4- 6 |  7- 9 || total
-------------------------+-------+-------+-------++-------
Melee: Long sword        |    94 |   187 |   113 ||   394
       Short sword       |       |       |    36 ||    36
  Use: Scroll            |       |    10 |     6 ||    16
       Potion            |       |       |     1 ||     1
  Eat: Chunk             |     1 |     8 |     5 ||    14
